 Dungeon Crawl Stone Soup version 0.29-a0-251-g80730f7218 (webtiles) character file.

Game seed: 8994066363714573333

154 horus123 the Skirmisher (level 5, -21/47 HPs)
             Began as a Palentonga Fighter on Mar 5, 2022.
             Demolished by an ogre
             ... wielding a +0 giant club
              (25 damage)
             ... on level 4 of the Dungeon.
             The game lasted 00:04:15 (2292 turns).

horus123 the Skirmisher (Palentonga Fighter)        Turns: 2292, Time: 00:04:16

Health: -21/47     AC:  9    Str: 20    XL:     5   Next: 13%
Magic:  5/5        EV:  3    Int:  8    God:
Gold:   183        SH:  4    Dex: 11    Spells: 4/4 levels left

rFire   . . .      SeeInvis +   a - +0 war axe
rCold   . . .      Faith    .   c - +0 buckler
rNeg    . . .      Spirit   .   h - +0 plate armour
rPois   .          Reflect  .   (no helmet)
rElec   .          Harm     .   (no cloak)
rCorr   .          Rampage  .   (no gloves)
Will    .....                   (no barding)
Stlth   ..........              (no amulet)
HPRegen 0.15/turn               (no ring)
MPRegen 0.09/turn               (no ring)

@: mighty
A: large, rugged brown scales 3, see invisible, deformed body, roll 1, armoured
tail
a: Rolling Charge


You were on level 4 of the Dungeon.
You visited 1 branch of the dungeon, and saw 4 of its levels.

You collected 183 gold pieces.

Inventory:

Hand Weapons
 a - a +0 war axe (weapon)
Armour
 c - a +0 buckler (worn)
 h - a +0 plate armour (worn)
Jewellery
 b - an amulet of magic regeneration
Scrolls
 f - a scroll of silence {unknown}
 g - a scroll of teleportation
 l - a scroll of noise
 o - 3 scrolls of blinking {unknown}
 r - 2 scrolls of fog {unknown}
 s - a scroll of immolation {unknown}
Potions
 e - a potion of flight
 i - a potion of resistance {unknown}
 j - 3 potions of curing
 k - a potion of brilliance {unknown}
 m - a potion of lignification {unknown}
 n - a potion of mutation {unknown}
 p - a potion of haste {unknown}


   Skills:
 - Level 5.1 Fighting
 + Level 3.3 Axes
 - Level 2.4 Armour
 - Level 2.4 Shields


You had 4 spell levels left.
You didn't know any spells.
Your spell library was empty.

Dungeon Overview and Level Annotations

Branches:
Dungeon (4/15)
 Temple: D:4-7

Altars:
Uskayaw


Innate Abilities, Weirdness & Mutations

You are completely covered in rugged brown scales. (AC +3, +7% HP)
You have supernaturally acute eyesight. (SInv)
Armour fits poorly on your strangely shaped body.
You can roll at nearby foes to attack.
You have a long armoured tail.


Message History

Found a dagger.
Found a stone staircase leading up.
There is a stone staircase leading up here.
There are monsters nearby!
You hit the ogre but do no damage. You tail-slap the ogre.
The ogre is lightly wounded.
The ogre hits you with a +0 giant club.
You feel very mighty all of a sudden. The ogre completely misses you.
You closely miss the ogre.
The ogre is lightly wounded.
You barely miss the hobgoblin.
The hobgoblin hits you but does no damage.
The ogre hits you with a +0 giant club!
You slash the ogre!
The ogre is moderately wounded.
You hit the hobgoblin. You block the hobgoblin's attack.
The quokka bites you but does no damage.
The ogre hits you with a +0 giant club! The kobold barely misses you.
You hit the ogre. You tail-slap the ogre.
The ogre is heavily wounded.
You barely miss the quokka. You barely miss the kobold.
You barely miss the hobgoblin.
The hobgoblin hits you but does no damage.
You block the quokka's attack. The kobold hits you but does no damage.
The ogre hits you with a +0 giant club!
* * * LOW HITPOINT WARNING * * *
The hobgoblin hits you but does no damage.
You slash the ogre!
The ogre is almost dead.
You slash the jelly!
Your hands burn!
* * * LOW HITPOINT WARNING * * *
You closely miss the quokka. You completely miss the kobold.
You closely miss the hobgoblin. The quokka bites you.
* * * LOW HITPOINT WARNING * * *
You block the kobold's attack. The quokka bites you.
* * * LOW HITPOINT WARNING * * *
You block the hobgoblin's attack. The jelly hits you but does no damage.
The ogre hits you with a +0 giant club!!
Ouch! That really hurt!
You die...

# ## ### # ...
.. .. .#.#..
... ....#
#.#.##...#
#........##
#......O..####.
#.g@.......
#.....KrJ.#....
#............ .
#....#.........
#...........<..
...........#.#.
... .#.....#...
.##..+.....# ..


You could see an ogre, a jelly, a quokka, a hobgoblin and a kobold.

Vanquished Creatures
  An orc priest (D:3)
  Jessica (D:2)
  A gnoll (D:1)
  2 adders
  A worm (D:2)
  2 orcs (D:3)
  8 endoplasms
  7 goblins
  7 hobgoblins
  6 quokkas
  4 ball pythons
  13 bats
  2 frilled lizards
  5 kobolds
  3 rats
63 creatures vanquished.

Vanquished Creatures (others)
  3 plants (D:3)
3 creatures vanquished.

Grand Total: 66 creatures vanquished

Notes
Turn   | Place    | Note
-------+----------+-------------------------------------------
     0 | D:1      | horus123 the Palentonga Fighter began the quest for the
                  | Orb.
     0 | D:1      | Reached XP level 1. HP: 19/19 MP: 1/1
   152 | D:1      | Reached XP level 2. HP: 19/26 MP: 2/2
   511 | D:1      | Reached skill level 4 in Fighting
   643 | D:1      | Reached XP level 3. HP: 32/32 MP: 3/3
   656 | D:1      | Noticed a floating eye
   658 | D:1      | Found a faded altar of an unknown god.
   703 | D:1      | Noticed a great orb of eyes
   703 | D:1      | Noticed a shining eye
   703 | D:1      | Noticed a great orb of eyes
   992 | D:2      | Noticed Jessica
   999 | D:2      | Killed Jessica
  1000 | D:2      | Reached XP level 4. HP: 22/40 MP: 4/4
  1294 | D:2      | Reached skill level 5 in Fighting
  1808 | D:3      | Found a hide-covered altar of Uskayaw.
  1893 | D:3      | Reached XP level 5. HP: 37/47 MP: 5/5
  2286 | D:4      | Noticed an ogre
  2292 | D:4      | Demolished by an ogre

Illustrated notes

Levels and vault maps discovered:
D:1:      elethiomel_arrival_maze, layout_basic,
          hellmonk_ecumenical_altar_watching_god
D:2:      layout_rooms, uniq_jessica
D:3:      layout_basic, mainiacjoe_overflow_boulevard
D:4:      layout_basic, grunt_temple_overflow_open

Skill      XL: |  1  2  3  4 |
---------------+-------------+-----
Fighting       | 4 5 |  5.1
Axes           | 3 |  3.3
Armour         | |  2.4
Shields        | |  2.4

Action                   |  1- 3 |  4- 6 || total
-------------------------+-------+-------++-------
Melee: War axe           |    79 |    69 ||   148
       Tailslap          |     5 |    10 ||    15
 Abil: Rolling Charge    |    20 |    14 ||    34
  Use: Scroll            |       |     4 ||     4
       Potion            |       |     1 ||     1
Armor: Scale mail        |     2 |       ||     2
       Chain mail        |    24 |       ||    24
       Plate armour      |    31 |    68 ||    99
Dodge: Dodged            |    19 |    11 ||    30
Block: Buckler           |    14 |    18 ||    32

Table legend: (Time is in decaauts)
 A = Elapsed time spent in this place.
 B = Non-inter-level travel time spent in this place.
 C = Inter-level travel time spent in this place.
 D = Time resting spent in this place.
 E = Time spent auto-exploring this place.
 F = Levels seen in this place.
 G = Mean time per level.
                   A        B        C        D        E       F      G
               +--------+--------+--------+--------+--------+-----+--------+
         Total |   2353 |   2304 |     49 |      0 |   1921 |   4 |  588.2 |
       Dungeon |   2353 |   2304 |     49 |      0 |   1921 |   4 |  588.2 |
               +--------+--------+--------+--------+--------+-----+--------+

Top non-repeatable levels by time:
     D:1: 896 daAuts
     D:2: 743 daAuts
     D:3: 706 daAuts
     D:4: 7 daAuts
